 Dungeon Crawl Stone Soup version 0.22-a0-422-g9628fc8 (webtiles) character file.

9 iamserjio the Ducker (level 2, 0/14 HPs)
             Began as a Spriggan Transmuter on May 22, 2018.
             Slain by a kobold
             ... wielding a +0 whip
              (3 damage)
             ... on level 2 of the Dungeon.
             The game lasted 00:02:30 (635 turns).

iamserjio the Ducker (Spriggan Transmuter)           Turns: 635, Time: 00:02:31

Health: 0/14       AC:  2    Str:  6    XL:     2   Next: 3%
Magic:  5/6        EV: 18    Int: 14    God:
Gold:   25         SH:  0    Dex: 16    Spells: 5/6 levels left

rFire    . . .     SeeInvis +     - Unarmed
rCold    . . .     Gourm    .   (shield restricted)
rNeg     . . .     Faith    .   b - +0 robe
rPois    .         Spirit   .   (helmet restricted)
rElec    .         Reflect  .   (no cloak)
rCorr    .         Harm     .   (gloves unavailable)
MR       .....                  (boots unavailable)
Stlth    +.........             (no amulet)
HPRegen  0.04/turn              (no ring)
MPRegen  0.10/turn              (no ring)

@: appendage, very quick
A: very small, unfitting armour, horns 2, see invisible, herbivore, speed 3,
slow metabolism 2
a: End Transformation


You were on level 2 of the Dungeon.
You were not hungry.
You had grown temporary horns.
You visited 1 branch of the dungeon, and saw 2 of its levels.

You collected 25 gold pieces.

Inventory:

Missiles
 a - 56 arrows
Armour
 b - a +0 robe (worn)
Jewellery
 g - an uncursed ring of positive energy {unknown}
Scrolls
 e - a scroll of amnesia {unknown}
Potions
 c - a potion of curing {unknown}
 f - a potion of might {unknown}
Comestibles
 d - a ration


   Skills:
 - Level 1.0 Fighting
 + Level 3.1 Dodging
 * Level 2.5 Unarmed Combat
 + Level 2.8 Spellcasting
 + Level 3.0 Transmutations


You had 5 spell levels left.
You knew the following spells:

 Your Spells              Type           Power        Failure   Level  Hunger
a - Beastly Appendage     Tmut           ##....       6%          1    #......

Your spell library contained the following spells:

 Spells                   Type           Power        Failure   Level  Hunger
 Spider Form              Tmut/Pois      #.........   34%         3    ###....
 Blade Hands              Tmut           ##........   86%         5    ######.
 Ice Form                 Ice/Tmut       #.......     75%         4    #####..
 Sticks to Snakes         Tmut           ##......     10%         2    ##.....


Dungeon Overview and Level Annotations

Branches:
Dungeon (2/15)

Altars:


Innate Abilities, Weirdness & Mutations

You are very small and have problems with some larger weapons.
You are too small for most types of armour.
You have supernaturally acute eyesight. (SInv)
You are a herbivore.
You cover ground extremely quickly.
You need to consume almost no food.
You have a pair of horns on your head.


Message History

The goblin is too close now for your liking.
A goblin is nearby!
You see here a frilled lizard skeleton.
Found a stone staircase leading down.
You see here a leather armour.
There is a stone staircase leading down here.
You climb downwards.
A kobold comes into view. It is wielding a whip.
Found an orange potion.
Found a stone staircase leading down.
There is a stone staircase leading up here.
The kobold shouts!
You start resting.
The kobold is too close now for your liking.
A kobold is nearby!
A kobold is nearby!
Casting: Beastly Appendage (safe; 6% risk of failure)
Confirm with . or Enter, or press ? or * to list all spells.
You grow a pair of large bovine horns.
You barely miss the kobold. The kobold hits you with a whip.
You die...

### ..#
#####.#
...#.## .>..
#.##########
#<.........#
#.#.K@.!.#
#.########
#K# #.# #.#
#.# ...


You could see a kobold.

Vanquished Creatures
  A ball python (D:1)
  2 giant cockroaches (D:1)
  A goblin (D:1)
  A hobgoblin (D:1)
  A bat (D:1)
  2 frilled lizards (D:1)
8 creatures vanquished.

Notes
Turn   | Place    | Note
-------+----------+-------------------------------------------
     0 | D:1      | iamserjio the Spriggan Transmuter began the quest for the Orb.
     0 | D:1      | Reached XP level 1. HP: 9/9 MP: 5/5
   526 | D:1      | Reached skill level 1 in Fighting
   539 | D:1      | Reached XP level 2. HP: 3/14 MP: 6/6
   635 | D:2      | Slain by a kobold

Vault maps used:
D:1:      grunt_arrival_crossed_arrows
D:2:      minmay_ruptured

Skill      XL: |  1 |
---------------+----+-----
Transmutations | 3 |  3.0
Fighting       | 1 |  1.0
Dodging        | |  3.1
Unarmed Combat | |  2.5
Spellcasting   | |  2.8

Action                   || total
-------------------------++-------
Melee: Unarmed           ||    43
       Headbutt          ||     3
 Cast: Beastly Appendage ||     6
Armor: Robe              ||     4
Dodge: Dodged            ||    38

Table legend:
 A = Spawn XP
 B = Non-spawn XP
 C = Spawn XP percentage of total XP
 D = Spawn monster count
 E = Non-spawn monster count
 F = Spawn count percentage of total count
 G = Total turns spent on level
                    A         B        C        D         E        F      G
               +---------+---------+-------+---------+---------+-------+---------
         Total |       0 |      13 |   0.0 |       0 |       8 |   0.0 |   635
               +---------+---------+-------+---------+---------+-------+---------
           D:1 |       0 |      13 |   0.0 |       0 |       8 |   0.0 |   627
               +---------+---------+-------+---------+---------+-------+---------
